 Dungeon Crawl Stone Soup version 0.31-a0-202-g547052bce9 (webtiles) character file.

Game seed: 16668799023502452415

19303 qw the Markself (level 12, 0/68 HPs)
             Began as a Deep Elf Hunter on June 26, 2023.
             Was an Elder of Okawaru.
             Slain by a wolf (6 damage)
             ... on level 2 of the Lair of Beasts.
             The game lasted 00:04:13 (11171 turns).

qw the Markself (Deep Elf Hunter)                  Turns: 11171, Time: 00:04:14

Health: 0/68       AC: 15    Str: 12    XL:     12   Next: 35%
Magic:  20/20      EV: 25    Int: 16    God:    Okawaru [****..]
Gold:   300        SH:  0    Dex: 18    Spells: 11/11 levels left

rFire   . . .        c - +2 triple crossbow (heavy)
rCold   + . .        (shield currently unavailable)
rNeg    . . .        u - +2 acid dragon scales
rPois   .            o - +0 helmet
rElec   .            (no cloak)
rCorr   +            m - +1 pair of gloves
SInv    .            b - +0 pair of boots
Will    +....        r - amulet of the acrobat
Stlth   +++          k - +5 ring of evasion
HPRegen 0.31/turn    p - ring of protection from cold
MPRegen 0.17/turn

%: acrobat
@: about to teleport, heroic
A: no striking features
a: Renounce Religion, Heroism, Finesse


You were on level 2 of the Lair of Beasts.
You worshipped Okawaru.
Okawaru was greatly pleased with you.
You visited 3 branches of the dungeon, and saw 14 of its levels.
You also visited: Sewer.

You collected 624 gold pieces.
You spent 324 gold pieces at shops.


   Skills:
 - Level 5.1(10.1) Fighting
 + Level 20.8(25.8) Ranged Weapons
 - Level 3.1(8.1) Armour
 - Level 9.0(14.0) Dodging
 - Level 1.2(6.2) Stealth
 + Level 8.5 Invocations


You had 11 spell levels left.
You didn't know any spells.
Your spell library was empty.

Inventory:

Hand Weapons
 c - a +2 heavy triple crossbow (weapon)
Armour
 b - a +0 pair of boots (worn)
 m - a +1 pair of gloves (worn)
 o - a +0 helmet (worn)
 u - +2 acid dragon scales (worn)
Jewellery
 k - a +5 ring of evasion (left hand)
 p - a ring of protection from cold (right hand)
 r - an amulet of the acrobat (around neck)
Wands
 q - a wand of digging (7)
Scrolls
 a - 2 scrolls of identify
 e - 2 scrolls of brand weapon
 f - 3 scrolls of teleportation
Potions
 d - 3 potions of might
 g - 2 potions of cancellation
 j - 2 potions of enlightenment
 l - 3 potions of heal wounds
 s - 3 potions of curing
 t - 2 potions of mutation
 v - 2 potions of magic

Dungeon Overview and Level Annotations

Branches:
Dungeon (11/15)            Temple (1/1) D:4            Lair (2/5) D:11
  Sewer (visited)
  Swamp: Lair:2-3    Shoals: Lair:2-3     Snake: Lair:2-3    Spider: Lair:2-3
    Orc: D:9-12

Altars:
Ashenzari
Cheibriados
Dithmenos
Elyvilon
Fedhas
Gozag
Hepliaklqana
Kikubaaqudgha
Nemelex Xobeh
Okawaru
Qazlal
Ru
Sif Muna
Trog
Uskayaw
Vehumet
Wu Jian
Xom
Zin
The Shining One

Shops:
D:1 *   D:2 ([   D:7 !

Annotations:
D:3 1 runed translucent door, Crazy Yiuf
D:8 2 runed translucent doors, 2 transporters


Message History

The yak is severely wounded.
The wolf closely misses you. The wolf misses you.
The wolf bites you but does no damage. The yak barely misses you.
The wolf misses you. x2
You shoot a bolt. The bolt hits the yak!!!!
You kill the yak!
Okawaru accepts your kill. The wolf misses you. The wolf completely misses you.
The wolf bites you. The wolf bites you but does no damage. The yak gores you!
You shoot a bolt. The bolt hits the yak!
The yak is heavily wounded.
The wolf bites you! The wolf completely misses you. The wolf misses you.
The wolf barely misses you. The yak barely misses you.
The wolf barely misses you.
You shoot a bolt. The bolt hits the yak.
The yak is heavily wounded.
The wolf completely misses you. The wolf misses you.
The wolf barely misses you. The yak gores you but does no damage.
The wolf bites you. The wolf closely misses you. The yak closely misses you.
The wolf misses you.
You shoot a bolt. The bolt hits the yak!!
You kill the yak!
Okawaru accepts your kill. The wolf misses you. The wolf closely misses you.
The wolf bites you. The wolf closely misses you.
The wolf completely misses you. The wolf barely misses you.
The wolf completely misses you.
You shoot a bolt. The bolt hits the wolf!
The wolf is heavily wounded.
The wolf closely misses you. The wolf completely misses you.
The wolf bites you. The wolf bites you! The wolf barely misses you.
The wolf misses you. The wolf completely misses you.
You shoot a bolt. The bolt hits the wolf!!!
You kill the wolf!
Okawaru accepts your kill. The wolf completely misses you.
The wolf bites you. x2; The wolf misses you.
The wolf closely misses you. The wolf bites you. The yak gores you!
11171 ||| READING 4 scrolls of teleportation.
As you read the scroll of teleportation, it crumbles to dust.
You feel strangely unstable. The wolf completely misses you.
The wolf bites you.
You die...

#.<..##..#...#
####..#.......^.
#.#####..#......
##.8.#....#.8.8..
#"....#..........
#8.<..+......>...
#.)...#..........
#.#.8.##..#..8.8..
#. ##@####..#.....
......hhY..#........
######.Y......# ...
...%......
........##.
#...%.....#
#...........
#...........


You could see 2 yaks and 2 wolves.

Vanquished Creatures
  Gastronok (D:8)
  Harold (D:11)
  Erica (D:11)
  3 two-headed ogres
  Pikel (D:7)
  2 ugly things (D:11)
  2 cyclopes (D:11)
  A manticore (D:11)
  2 gargoyles (D:11)
  Maggie (D:8)
  A kobold demonologist (D:8)
  3 komodo dragons
  4 cane toads
  2 trolls
  A polar bear (Lair:2)
  Grinder (D:3)
  22 yaks
  A vampire (D:10)
  A spriggan (D:7)
  A wraith (D:6)
  3 wyverns
  3 steam dragons
  2 basilisks
  4 acid dragons
  2 orc warriors
  5 water moccasins
  An ice beast (D:5)
  A sky beast (D:7)
  4 wolves (Lair:2)
  3 centaurs
  An ogre (D:6)
  2 kobold brigands
  A lemure (D:7)
  A phantom (D:6)
  3 bullfrogs
  3 scorpions
  8 wights
  6 killer bees (D:10)
  8 howler monkeys
  2 hounds
  2 jellies
  3 gnoll boudas
  3 orc priests
  2 sleepcaps
  Ijyb (D:3)
  4 iguanas
  5 orc wizards
  A hell rat (Sewer)
  13 gnolls
  8 adders
  An ufetubus (D:5)
  2 worms
  4 dart slugs
  28 orcs
  5 bats
  A bat skeleton (D:2)
  9 endoplasms
  4 giant cockroaches
  6 goblins
  5 hobgoblins
  10 jackals
  4 quokkas
  7 ball pythons
  2 ball python skeletons (D:2)
  2 frilled lizards
  A giant cockroach zombie (D:2)
  17 kobolds
  9 rats
274 creatures vanquished.

Notes
Turn   | Place    | Note
-------+----------+-------------------------------------------
     0 | D:1      | qw the Deep Elf Hunter began the quest for the Orb.
     0 | D:1      | Reached XP level 1. HP: 12/12 MP: 3/3
     0 | D:1      | 0 ||| qw: Version: 0.3-a-22-g0ed2b0b
     0 | D:1      | 0 ||| qw: Game counter: 5925
     0 | D:1      | 0 ||| qw: Melee chars always use a shield: true
     0 | D:1      | 0 ||| qw: God list: Okawaru
     0 | D:1      | 0 ||| qw: Allow faded altars: false
     0 | D:1      | 0 ||| qw: Do Orc after clearing Dungeon:15 true
     0 | D:1      | 0 ||| qw: Do second Lair branch before Depths: true
     0 | D:1      | 0 ||| qw: Lair rune preference: random
     0 | D:1      | 0 ||| qw: Goals: Normal
     0 | D:1      | 0 ||| PLANNING D:1-11
    17 | D:1      | Found a faded altar of an unknown god.
    61 | D:1      | Found Soyn's Assorted Antiques.
    70 | D:1      | 70 ||| SHOPLISTING murky dark potion (25 gold, have 13).
    70 | D:1      | 70 ||| SHOPLISTING pair of glowing boots (210 gold, have
                  | 13).
    70 | D:1      | 70 ||| SHOPLISTING pink potion (25 gold, have 13).
    70 | D:1      | 70 ||| SHOPLISTING ring mail (112 gold, have 13).
    70 | D:1      | 70 ||| SHOPLISTING scale mail (112 gold, have 13).
    70 | D:1      | 70 ||| SHOPLISTING scroll labelled EKHIAR BIFYP (28 gold,
                  | have 13).
    70 | D:1      | 70 ||| SHOPLISTING scroll labelled PITETZESEA (28 gold,
                  | have 13).
    70 | D:1      | 70 ||| SHOPLISTING scroll labelled SOQABO ULEHUT (28 gold,
                  | have 13).
    70 | D:1      | 70 ||| SHOPLISTING white potion (25 gold, have 13).
   163 | D:1      | Reached skill level 6 in Ranged Weapons
   163 | D:1      | Reached XP level 2. HP: 15/16 MP: 4/4
   250 | D:1      | 250 ||| FLEEEEING.
   251 | D:1      | 251 ||| FLEEEEING.
   465 | D:1      | Reached XP level 3. HP: 20/20 MP: 5/5
   513 | D:1      | 513 ||| READING 2 scrolls labelled PITETZESEA.
   514 | D:1      | 514 ||| READING scroll labelled MOFODU UBEMNO.
   515 | D:1      | 515 ||| DRINKING 2 pink potions.
   516 | D:1      | 516 ||| DROPPING scroll of butterflies.
   543 | D:2      | Found Ziqotics's Armour Shop.
   548 | D:2      | 548 ||| STAIRDANCE
   580 | D:2      | 580 ||| STAIRDANCE
   597 | D:2      | 597 ||| SHOPLISTING +0 pair of boots (63 gold, have 18).
   597 | D:2      | 597 ||| SHOPLISTING +0 ring mail (56 gold, have 18).
   597 | D:2      | 597 ||| SHOPLISTING +0 scale mail (56 gold, have 18).
   715 | D:2      | Reached skill level 7 in Ranged Weapons
   902 | D:2      | Found Qarorues's Weapon Boutique.
  1127 | D:2      | Found a glowing silver altar of Zin.
  1174 | D:2      | 1174 ||| UPGRADING to +5 ring of evasion.
  1175 | D:2      | 1175 ||| READING scroll labelled FEARINW FINECH.
  1176 | D:2      | 1176 ||| READING scroll labelled SYWADU QEYHE.
  1177 | D:2      | 1177 ||| DRINKING 2 metallic coppery potions.
  1178 | D:2      | 1178 ||| DRINKING 2 metallic clear potions.
  1179 | D:2      | 1179 ||| DROPPING potion of invisibility.
  1180 | D:2      | 1180 ||| DROPPING potion of degeneration.
  1200 | D:3      | 1200 ||| PLANNING SEWER
  1245 | D:3      | 1245 ||| FLEEEEING.
  1246 | D:3      | 1246 ||| FLEEEEING.
  1247 | D:3      | 1247 ||| FLEEEEING.
  1255 | D:3      | 1255 ||| FLEEEEING.
  1256 | D:3      | 1256 ||| FLEEEEING.
  1258 | D:3      | 1258 ||| FLEEEEING.
  1268 | D:3      | Noticed Grinder
  1278 | D:3      | HP: 5/20 [dart slug/slug dart (3)]
  1279 | D:3      | 1279 ||| DRINKING 2 potions of heal wounds.
  1279 | D:3      | Paralysed by Grinder for 4 turns
  1283 | D:3      | 1283 ||| DRINKING potion of heal wounds.
  1288 | D:3      | Reached XP level 4. HP: 10/25 MP: 6/6
  1288 | D:3      | 1288 ||| FLEEEEING.
  1295 | D:3      | Killed Grinder
  1296 | D:3      | Reached skill level 9 in Ranged Weapons
  1296 | D:3      | Reached XP level 5. HP: 9/29 MP: 7/7
  1301 | D:3      | 1301 ||| FLEEEEING.
  1302 | D:3      | 1302 ||| FLEEEEING.
  1303 | D:3      | 1303 ||| FLEEEEING.
  1304 | D:3      | 1304 ||| FLEEEEING.
  1306 | D:3      | 1306 ||| STAIRDANCE
  1378 | D:2      | 1378 ||| READING scroll labelled TEYNUR JOSOZA.
  1399 | D:3      | Reached XP level 6. HP: 34/34 MP: 8/8
  1513 | D:3      | Noticed Ijyb
  1516 | D:3      | 1516 ||| FLEEEEING.
  1517 | D:3      | 1517 ||| FLEEEEING.
  1518 | D:3      | 1518 ||| FLEEEEING.
  1519 | D:3      | 1519 ||| FLEEEEING.
  1520 | D:3      | 1520 ||| FLEEEEING.
  1521 | D:3      | 1521 ||| FLEEEEING.
  1741 | D:3      | Found a glowing drain.
  1742 | D:3      | 1742 ||| UPGRADING to +0 pair of boots.
  1747 | D:3      | 1747 ||| READING scroll labelled OFYKOFF RAFIDI.
  1748 | D:3      | 1748 ||| READING scroll labelled ECKEMO VIRCH.
  1749 | D:3      | 1749 ||| READING scroll labelled XONAD LEFEOTAEWK.
  1750 | D:3      | 1750 ||| READING scroll labelled HUMUKH GECUF.
  1776 | Sewer    | Entered a sewer
  1782 | Sewer    | 1782 ||| Stepping ~*~*~tactically~*~*~ (water).
  1784 | Sewer    | 1784 ||| Stepping ~*~*~tactically~*~*~ (water).
  1786 | Sewer    | 1786 ||| Stepping ~*~*~tactically~*~*~ (water).
  1788 | Sewer    | 1788 ||| Stepping ~*~*~tactically~*~*~ (water).
  1816 | Sewer    | 1816 ||| Stepping ~*~*~tactically~*~*~ (water).
  1821 | Sewer    | 1821 ||| Stepping ~*~*~tactically~*~*~ (water).
  1823 | Sewer    | 1823 ||| Stepping ~*~*~tactically~*~*~ (water).
  1898 | Sewer    | 1898 ||| READING scroll labelled QEKHICR HOERE.
  1899 | Sewer    | 1899 ||| DRINKING 2 glowing cyan potions.
  1910 | D:3      | 1910 ||| PLANNING D:1-11
  1941 | D:3      | Killed Ijyb
  1991 | D:3      | Found a sacrificial altar of Ru.
  2023 | D:3      | Found a runed translucent door.
  2024 | D:3      | Noticed Crazy Yiuf
  2170 | D:3      | Found a white marble altar of Elyvilon.
  2263 | D:3      | 2263 ||| UPGRADING to +0 ring mail.
  2273 | D:3      | 2273 ||| DROPPING +0 leather armour.
  2398 | D:4      | Reached skill level 10 in Ranged Weapons
  2407 | D:4      | Reached skill level 3 in Dodging
  2442 | D:4      | 2442 ||| SWAPPING to +0 orcbow.
  2443 | D:4      | 2443 ||| DROPPING +0 heavy shortbow.
  2466 | D:4      | Reached skill level 1 in Armour
  2475 | D:4      | 2475 ||| Stepping ~*~*~tactically~*~*~ (outnumbered).
  2488 | D:4      | Reached XP level 7. HP: 40/40 MP: 9/9
  2535 | D:4      | Found a staircase to the Ecumenical Temple.
  2536 | D:4      | 2536 ||| PLANNING TEMPLE
  2537 | D:4      | 2537 ||| UPGRADING to +0 helmet.
  2542 | D:4      | 2542 ||| READING scroll labelled ZUSMOHO LOARCH.
  2542 | D:4      | Identified a scroll of acquirement
  2542 | D:4      | 2542 ||| ACQUIRING +2 heavy triple crossbow
  2542 | D:4      | Acquired a +2 heavy triple crossbow
  2544 | D:4      | 2544 ||| SWAPPING to +2 heavy triple crossbow.
  2545 | D:4      | 2545 ||| DROPPING +0 orcbow.
  2554 | Temple   | Entered the Ecumenical Temple
  2566 | Temple   | 2566 ||| PLANNING D:1-11
  2776 | D:4      | Found an ancient bone altar of Kikubaaqudgha.
  2851 | D:4      | Found an iron altar of Okawaru.
  2855 | D:4      | Found an ornate altar of the Wu Jian Council.
  3053 | D:4      | Reached skill level 11 in Ranged Weapons
  3069 | D:4      | 3069 ||| UPGRADING to amulet of the acrobat.
  3074 | D:4      | 3074 ||| DROPPING ring of magical power.
  3075 | D:4      | 3075 ||| DRINKING 2 puce potions.
  3076 | D:4      | 3076 ||| READING 2 scrolls of identify.
  3076 | D:4      | 3076 ||| IDENTIFYING smoky black potion
  3077 | D:4      | 3077 ||| DROPPING potion of berserk rage.
  3108 | D:5      | Entered Level 5 of the Dungeon
  3299 | D:5      | 3299 ||| DRINKING 2 murky dark potions.
  3332 | D:5      | 3332 ||| READING 2 scrolls of identify.
  3332 | D:5      | 3332 ||| IDENTIFYING yellow potion
  3333 | D:5      | 3333 ||| DROPPING potion of brilliance.
  3334 | D:5      | 3334 ||| DROPPING potion of lignification.
  3342 | D:5      | 3342 ||| STAIRDANCE
  3343 | D:4      | Found an opulent altar of Gozag.
  3344 | D:4      | 3344 ||| PLANNING OKAWARU WORSHIP
  3352 | D:4      | Became a worshipper of Warmaster Okawaru
  3353 | D:4      | 3353 ||| PLANNING D:1-11
  3557 | D:5      | Found a glowing golden altar of the Shining One.
  3664 | D:5      | Found a shimmering blue altar of Sif Muna.
  4034 | D:6      | Reached skill level 12 in Ranged Weapons
  4043 | D:6      | Reached skill level 3 in Fighting
  4043 | D:6      | Reached XP level 8. HP: 22/46 MP: 10/10
  4133 | D:6      | 4133 ||| UPGRADING to +1 pair of gloves.
  4366 | D:6      | Reached * piety under Okawaru
  4367 | D:6      | Reached skill level 13 in Ranged Weapons
  4433 | D:6      | 4433 ||| Stepping ~*~*~tactically~*~*~ (outnumbered).
  4440 | D:6      | Reached skill level 1 in Invocations
  4514 | D:6      | Noticed a troll
  4515 | D:6      | 4515 ||| UPGRADING to +0 acid dragon scales.
  4525 | D:6      | 4525 ||| DROPPING +0 ring mail.
  4526 | D:6      | 4526 ||| UPGRADING to ring of protection from cold.
  4527 | D:6      | 4527 ||| READING scroll labelled HOEMIK QITESE.
  4528 | D:6      | 4528 ||| READING 2 scrolls of identify.
  4528 | D:6      | 4528 ||| IDENTIFYING brown potion
  4638 | D:6      | 4638 ||| INVOKING Heroism.
  4641 | D:6      | Killed a troll
  4888 | D:6      | Reached skill level 3 in Invocations
  4927 | D:6      | Reached ** piety under Okawaru
  4958 | D:6      | 4958 ||| FLEEEEING.
  4959 | D:6      | 4959 ||| STAIRDANCE
  5075 | D:6      | 5075 ||| STAIRDANCE
  5337 | D:7      | Reached XP level 9. HP: 35/50 MP: 14/14
  5416 | D:7      | Reached skill level 14 in Ranged Weapons
  5429 | D:7      | Found Pup Jyrph's Distillery.
  5434 | D:7      | 5434 ||| BUYING potion of cancellation (96 gold).
  5434 | D:7      | Bought a potion of cancellation for 96 gold pieces
  5434 | D:7      | 5434 ||| BUYING potion of curing (36 gold).
  5434 | D:7      | Bought a potion of curing for 36 gold pieces
  5434 | D:7      | 5434 ||| BUYING potion of curing (36 gold).
  5434 | D:7      | Bought a potion of curing for 36 gold pieces
  5434 | D:7      | 5434 ||| BUYING potion of heal wounds (60 gold).
  5434 | D:7      | Bought a potion of heal wounds for 60 gold pieces
  5434 | D:7      | 5434 ||| BUYING potion of magic (96 gold).
  5434 | D:7      | Bought a potion of magic for 96 gold pieces
  5477 | D:7      | 5477 ||| INVOKING Heroism.
  5572 | D:7      | Reached skill level 15 in Ranged Weapons
  5676 | D:7      | 5676 ||| INVOKING Heroism.
  5687 | D:7      | Reached skill level 6 in Dodging
  5787 | D:7      | Noticed Pikel
  5788 | D:7      | 5788 ||| INVOKING Heroism.
  5790 | D:7      | Killed Pikel
  5855 | D:7      | Identified the +4 orcbow of Indomitability {drain, rF+
                  | Str+8 Int-4}
  5916 | D:7      | Reached XP level 10. HP: 58/58 MP: 15/15
  6010 | D:7      | Noticed a two-headed ogre
  6010 | D:7      | Noticed a two-headed ogre
  6011 | D:7      | 6011 ||| INVOKING Heroism.
  6014 | D:7      | Killed a two-headed ogre
  6014 | D:7      | Reached *** piety under Okawaru
  6015 | D:7      | Reached skill level 16 in Ranged Weapons
  6017 | D:7      | Killed a two-headed ogre
  6029 | D:7      | Found the +12 pair of quick blades "Gyre" and "Gimble"
                  | {protect}
  6080 | D:7      | 6080 ||| DROPPING amulet of magic regeneration.
  6081 | D:7      | 6081 ||| DROPPING amulet of guardian spirit.
  6103 | D:8      | 6103 ||| STAIRDANCE
  6129 | D:8      | 6129 ||| INVOKING Heroism.
  6133 | D:8      | Reached skill level 17 in Ranged Weapons
  6214 | D:8      | 6214 ||| FLEEEEING.
  6216 | D:8      | 6216 ||| FLEEEEING.
  6217 | D:8      | 6217 ||| FLEEEEING.
  6218 | D:8      | 6218 ||| FLEEEEING.
  6219 | D:8      | 6219 ||| FLEEEEING.
  6220 | D:8      | 6220 ||| FLEEEEING.
  6222 | D:8      | 6222 ||| INVOKING Heroism.
  6291 | D:8      | Found a large runed translucent door.
  6292 | D:8      | Found a large runed translucent door.
  6316 | D:8      | Noticed Maggie
  6317 | D:8      | Killed Maggie
  6332 | D:8      | 6332 ||| READING scroll of enchant armour.
  6332 | D:8      | 6332 ||| ENCHANTING +0 acid dragon scales.
  6479 | D:8      | Noticed Gastronok
  6480 | D:8      | 6480 ||| INVOKING Heroism.
  6484 | D:8      | HP: 12/58 [Gastronok (16)]
  6485 | D:8      | 6485 ||| READING 4 scrolls of teleportation.
  6486 | D:8      | 6486 ||| DRINKING 4 potions of heal wounds.
  6686 | D:8      | Found a transporter.
  6737 | D:8      | Found a transporter.
  6740 | D:8      | 6740 ||| INVOKING Heroism.
  6744 | D:8      | Killed Gastronok
  6745 | D:8      | Reached skill level 18 in Ranged Weapons
  7099 | D:8      | 7099 ||| READING 3 scrolls of identify.
  7099 | D:8      | 7099 ||| IDENTIFYING green potion
  7100 | D:8      | 7100 ||| READING 2 scrolls of identify.
  7100 | D:8      | 7100 ||| IDENTIFYING dark potion
  7101 | D:8      | 7101 ||| DROPPING potion of ambrosia.
  7102 | D:8      | 7102 ||| DROPPING potion of attraction.
  7116 | D:9      | 7116 ||| INVOKING Heroism.
  7172 | D:9      | Found a flagged portal.
  7179 | D:9      | 7179 ||| Stepping ~*~*~tactically~*~*~ (outnumbered).
  7196 | D:9      | 7196 ||| FLEEEEING.
  7197 | D:9      | 7197 ||| FLEEEEING.
  7198 | D:9      | 7198 ||| FLEEEEING.
  7199 | D:9      | 7199 ||| FLEEEEING.
  7200 | D:9      | 7200 ||| STAIRDANCE
  7244 | D:8      | 7244 ||| READING scroll labelled GOADUFA QIHOI.
  7258 | D:9      | Noticed a soul eater
  7258 | D:9      | 7258 ||| STAIRDANCE
  7259 | D:9      | Noticed a sun demon
  7335 | D:8      | 7335 ||| READING scroll labelled GEYSEDGH UDEINEI.
  7350 | D:9      | 7350 ||| STAIRDANCE
  7358 | D:8      | 7358 ||| INVOKING Heroism.
  7362 | D:8      | Reached XP level 11. HP: 36/63 MP: 13/16
  7487 | D:9      | 7487 ||| INVOKING Heroism.
  7654 | D:9      | 7654 ||| INVOKING Heroism.
  7937 | D:10     | Entered Level 10 of the Dungeon
  8041 | D:10     | Noticed a two-headed ogre
  8042 | D:10     | 8042 ||| INVOKING Heroism.
  8044 | D:10     | Killed a two-headed ogre
  8066 | D:10     | Reached skill level 19 in Ranged Weapons
  8071 | D:10     | Reached skill level 3 in Armour
  8074 | D:10     | Reached **** piety under Okawaru
  8142 | D:10     | 8142 ||| INVOKING Heroism.
  8219 | D:10     | Found a blossoming altar of Fedhas.
  8361 | D:10     | 8361 ||| INVOKING Heroism.
  8366 | D:10     | HP: 15/63 [poisoned by a killer bee]
  8367 | D:10     | 8367 ||| READING 4 scrolls of teleportation.
  8368 | D:10     | 8368 ||| DRINKING 3 potions of heal wounds.
  8607 | D:10     | Identified the +11 chain mail of the Monkey's Uncle {Harm
                  | Regen+ Int+3 Dex-3}
  8961 | D:10     | 8961 ||| READING scroll labelled SOQABO ULEHUT.
  8962 | D:10     | 8962 ||| READING 3 scrolls of identify.
  8962 | D:10     | 8962 ||| IDENTIFYING white potion
  9103 | D:11     | Noticed Erica
  9104 | D:11     | 9104 ||| INVOKING Heroism.
  9107 | D:11     | Killed Erica
  9107 | D:11     | Received a gift from Okawaru
  9210 | D:11     | Noticed a purple ugly thing
  9215 | D:11     | Killed a purple ugly thing
  9343 | D:11     | 9343 ||| INVOKING Heroism.
  9347 | D:11     | Reached skill level 20 in Ranged Weapons
  9378 | D:11     | 9378 ||| INVOKING Heroism.
  9407 | D:11     | 9407 ||| INVOKING Heroism.
  9412 | D:11     | Reached skill level 6 in Invocations
  9412 | D:11     | 9412 ||| Stepping ~*~*~tactically~*~*~ (cloud).
  9456 | D:11     | Found a staircase to the Lair.
  9461 | D:11     | 9461 ||| INVOKING Heroism.
  9465 | D:11     | Reached skill level 9 in Dodging
  9667 | D:11     | Noticed a purple ugly thing
  9670 | D:11     | Killed a purple ugly thing
  9807 | D:11     | 9807 ||| FLEEEEING.
  9817 | D:11     | Reached XP level 12. HP: 68/68 MP: 19/19
  9915 | D:11     | Found a radiant altar of Vehumet.
  9915 | D:11     | Noticed Harold
  9916 | D:11     | 9916 ||| INVOKING Heroism.
  9918 | D:11     | Killed Harold
  9950 | D:11     | 9950 ||| READING scroll of enchant armour.
  9950 | D:11     | 9950 ||| ENCHANTING +1 acid dragon scales.
 10088 | D:11     | 10088 ||| PLANNING LAIR
 10278 | Lair:1   | Entered Level 1 of the Lair of Beasts
 10448 | Lair:1   | 10448 ||| INVOKING Heroism.
 10830 | Lair:1   | 10830 ||| READING 2 scrolls labelled WUPRIWO KUYTZU.
 10937 | Lair:1   | 10937 ||| DROPPING scroll of torment.
 10963 | Lair:2   | 10963 ||| INVOKING Heroism.
 10965 | Lair:2   | 10965 ||| FLEEEEING.
 10966 | Lair:2   | 10966 ||| FLEEEEING.
 10967 | Lair:2   | 10967 ||| STAIRDANCE
 11111 | Lair:2   | 11111 ||| INVOKING Heroism.
 11155 | Lair:2   | 11155 ||| INVOKING Heroism.
 11170 | Lair:2   | HP: 6/68 [yak (12)]
 11171 | Lair:2   | 11171 ||| READING 4 scrolls of teleportation.
 11171 | Lair:2   | Slain by a wolf

Levels and vault maps discovered:
D:1:      scummos_arrival_forest, layout_rooms, serial_shops, shop,
          chequers_ecumenical_altar_island, minivault_26
D:2:      layout_loops_cross, serial_shops, nicolae_shop_real_fake_doors, shop,
          serial_undead, serial_undead_b, serial_undead_f, serial_undead_e,
          serial_undead_f, basic_altar, minmay_worlds_worst_comb
D:3:      layout_loops_ring, lemuel_coloured_pillars_altar,
          nicolae_ru_the_path_less_chosen, portal_sewer_entry_d,
          uniq_crazy_yiuf_cottage, uniq_ijyb, uniq_grinder
D:4:      layout_loops_ring, nicolae_overflow_hidden_temple, temple_fountains
D:5:      layout_loops_corners, general_overflow_altar,
          kennysheep_orc_sif_temple
D:6:      layout_loops_cross, kb_rosetta
D:7:      layout_basic, serial_shops, shop_statue,
          hellmonk_guarded_unrand_gyre_and_gimble, uniq_pikel
D:8:      gammafunk_steamed_eel, layout_loops_corners, jmf_multi_god_temple2,
          uniq_gastronok, uniq_maggie
D:9:      layout_rooms, enter_bailey_2
D:10:     layout_stronghold, lemuel_doored_altar, nicolae_elevator_lobby_plus
D:11:     layout_loops_ring, erik_lair_dragon, vehumet_altar_wand_db,
          uniq_erica, uniq_harold
Temple:   minmay_freezing_vapour_temple
Lair:1:   layout_chaotic_city
Lair:2:   minmay_lair_oklob_tunnel, layout_cave_pods, minmay_shoals_entry_hut,
          grunt_megastairs_2

Skill      XL: |  1  2  3  4  5  6  7  8  9 10 11 12 |
---------------+-------------------------------------+-----
Ranged Weapons | 6 7 9 10 12 13 15 18 20 | 20.8
Fighting       | 2 3 4 5 |  5.1
Dodging        | 3 5 6 7 9 |  9.0
Armour         | 1 2 3 |  3.1
Invocations    | 4 6 8 |  8.5
Stealth        | |  1.2

Action                     |  1- 3 |  4- 6 |  7- 9 | 10-12 || total
---------------------------+-------+-------+-------+-------++-------
   Fire: Shortbow          |   159 |    63 |       |       ||   222
         Orcbow            |       |    23 |    13 |       ||    36
         Triple crossbow   |       |       |   103 |   257 ||   360
 Invoke: Heroism           |       |       |     4 |    22 ||    26
    Use: Potion            |     5 |     1 |     2 |     2 ||    10
         Scroll            |     4 |     6 |     5 |    12 ||    27
 Armour: Leather armour    |     8 |     1 |       |       ||     9
         Skin              |       |     3 |       |       ||     3
         Ring mail         |       |       |     8 |       ||     8
         Acid dragon scale |       |       |     9 |    63 ||    72
  Dodge: Dodged            |    43 |    16 |    54 |   448 ||   561

Table legend:
 A = Non-vault XP
 B = Vault XP
 C = Vault XP percentage of total XP
 D = Non-vault monster count
 E = Vault monster count
 F = Vault count percentage of total count
                 A         B        C        D         E       F
            +---------+---------+-------+---------+---------+-------
      Total |   18435 |    9141 |  33.1 |     236 |      37 |  13.6
            +---------+---------+-------+---------+---------+-------
        D:1 |      48 |       0 |   0.0 |      25 |       0 |   0.0
        D:2 |      28 |       9 |  24.3 |      16 |       6 |  27.3
        D:3 |      36 |     330 |  90.2 |      12 |       3 |  20.0
        D:4 |     488 |       0 |   0.0 |      33 |       0 |   0.0
        D:5 |     233 |       3 |   1.3 |       6 |       1 |  14.3
        D:6 |     752 |     826 |  52.3 |      16 |       4 |  20.0
        D:7 |    2103 |    2467 |  54.0 |      20 |       4 |  16.7
        D:8 |    1398 |    1861 |  57.1 |      23 |       2 |   8.0
        D:9 |    1117 |       0 |   0.0 |      27 |       0 |   0.0
       D:10 |    3755 |       0 |   0.0 |      26 |       0 |   0.0
       D:11 |    5101 |    2889 |  36.2 |      17 |       8 |  32.0
     Lair:1 |    1611 |       0 |   0.0 |       6 |       0 |   0.0
     Lair:2 |    1765 |     718 |  28.9 |       9 |       2 |  18.2
      Sewer |       0 |      38 | 100.0 |       0 |       7 | 100.0
            +---------+---------+-------+---------+---------+-------
